 Dungeon Crawl Stone Soup version 0.29-a0-218-gf2abdc9806 (webtiles) character file.

Game seed: 18261505142777611732

5588 Cyric the Schismatic (level 10, -6/53 HPs)
             Began as a Gargoyle Gladiator on Feb 25, 2022.
             Was an Elder of Lugonu.
             Mangled by an ice devil (11 damage)
             ... on level 8 of the Dungeon.
             The game lasted 00:45:42 (13757 turns).

Cyric the Schismatic (Gargoyle Gladiator)          Turns: 13757, Time: 00:45:43

Health: -6/53      AC: 17    Str: 22    XL:     10   Next: 72%
Magic:  17/17      EV: 10    Int:  9    God:    Lugonu [****..]
Gold:   437        SH:  9    Dex: 11    Spells: 9/9 levels left

rFire   . . .      SeeInvis .   G - +4 morningstar
rCold   . . .      Faith    .   y - +0 kite shield
rNeg    + . .      Spirit   .   C - +0 steam dragon scales
rPois   ∞          Reflect  .   c - +0 helmet
rElec   +          Harm     .   z - +0 cloak
rCorr   .          Rampage  .   e - +0 pair of gloves
Will    +....                   (no boots)
Stlth   +.........              (no amulet)
HPRegen 0.17/turn               A - ring of willpower
MPRegen 0.15/turn               (no ring)

@: flying
A: sickness immunity, AC +7, negative energy resistance 1, electricity
resistance, torment resistance 1, petrification resistance
a: Renounce Religion, Depart the Abyss, Bend Space, Banish, Corrupt


You were on level 8 of the Dungeon.
You worshipped Lugonu.
Lugonu was greatly pleased with you.
You visited 1 branch of the dungeon, and saw 8 of its levels.

You collected 437 gold pieces.

Inventory:

Hand Weapons
 m - the +7 hunting sling of Famine {venom, rCorr}
   (You found it on level 2 of the Dungeon)

   Any ammunition fired from it poisons the flesh of those it strikes.
   rCorr:     It protects you from acid and corrosion.
 G - a +4 morningstar (weapon)
Missiles
 b - 15 poisoned darts
 d - 7 throwing nets
 o - 301 stones (quivered)
 u - 8 atropa-tipped darts
 v - a boomerang
 B - 6 javelins
Armour
 c - a +0 helmet (worn)
 e - a +0 pair of gloves (worn)
 n - a +0 chain mail
 y - a +0 kite shield (worn)
 z - a +0 cloak (worn)
 C - +0 steam dragon scales (worn)
Jewellery
 A - a ring of willpower (left hand)
 F - a ring of protection from fire
Wands
 t - a wand of polymorph (19)
 w - a wand of paralysis (31)
 D - a wand of digging (5)
Scrolls
 a - 3 scrolls of amnesia {unknown}
 g - a scroll of fog {unknown}
 k - a scroll of brand weapon {unknown}
 q - 3 scrolls of teleportation {unknown}
 s - 2 scrolls of enchant weapon {unknown}
 E - 2 scrolls of identify
Potions
 f - 5 potions of lignification
 h - 3 potions of resistance
 i - 5 potions of curing
 j - a potion of mutation
 l - a potion of flight
 p - a potion of might
 r - 2 potions of attraction
 x - a potion of magic {unknown}


   Skills:
 - Level 2.1 Fighting
 * Level 9.8 Maces & Flails
 - Level 3.0 Throwing
 + Level 7.0 Armour
 - Level 2.4 Dodging
 + Level 5.5 Shields
 * Level 10.0 Invocations


You had 9 spell levels left.
You didn't know any spells.
Your spell library contained the following spells:

 Spells                   Type           Power      Damage    Failure   Level
 Tukima's Dance           Hex            0%         N/A       98%         3
 Anguish                  Hex/Necr       0%         N/A       100%        4
 Enfeeble                 Hex            0%         N/A       100%        7


Dungeon Overview and Level Annotations

Branches:
Dungeon (8/15)             Temple (0/1) D:4
   Lair: D:8-11

Altars:
Zin
Beogh
Lugonu

Shops:
D:2 :

Annotations:
D:4 3 runed translucent doors, exclusion: downstairs, aedon's ghost, amateur MiFi
D:6 3 runed translucent doors, Grim's ghost, novice DECj
D:8 exclusion: ice statue


Innate Abilities, Weirdness & Mutations

You are immune to sickness and miasma.
Your stone body is resilient. (AC +7)
You are immune to poison.
You resist negative energy. (rN+)
You are resistant to electric shocks. (rElec)
You are resistant to unholy torment.
You are immune to petrification.


Message History

Okay, then.
The +7 hunting sling of Famine {venom, rCorr} stops dripping with poison.
G - a +4 morningstar (weapon)
You sock the ice devil!
The ice devil is moderately wounded.
The ice devil hits you. The ice devil freezes you!!
You hit the ice devil but do no damage.
The ice devil is moderately wounded.
The ice devil closely misses you.
You hit the ice devil but do no damage.
The ice devil is moderately wounded.
The ice devil closely misses you.
You hit the ice devil but do no damage.
The ice devil is moderately wounded.
The ice devil splashes around in the water.
You sock the ice devil!
The ice devil is heavily wounded.
The ice devil hits you! The ice devil freezes you!
* * * LOW HITPOINT WARNING * * *
The ice devil splashes around in the water.
You barely miss the ice devil.
The ice devil is heavily wounded.
The ice devil splashes around in the water.
You hit the ice devil but do no damage.
The ice devil is heavily wounded.
The ice statue gestures.
The ice devil hits you but does no damage.
You hit the ice devil.
The ice devil is heavily wounded.
The ice statue gestures.
You block the ice devil's attack.
You hit the ice devil but do no damage.
The ice devil is heavily wounded.
You block the ice devil's attack.
You closely miss the ice devil.
The ice devil is heavily wounded.
The ice devil hits you.
* * * LOW HITPOINT WARNING * * *
The ice devil freezes you!
You die...

....##..≈≈≈≈≈..##...#
....###≈≈≈≈≈≈≈###...#
.....##≈≈...≈≈##....#
.....≈45.....≈≈≈....#######
....≈≈45##.##.≈≈≈..#......#
...#≈544#$$[#Y.≈≈#........######
..##≈≈...$8!Y554≈##............#
...#≈≈..#:($#544≈#.............#
....≈≈≈.##.##54≈@..#...........#
.....≈≈≈.....≈4≈...#######.....#
.w...##≈≈...≈≈##...##....#.....#
....###≈≈≈≈≈≈≈###...#....#.....#
....##..≈≈≈≈≈..##...'....#.....#
.........###........#....#.....#
..........#.........#....#######
...................##..........#
######.....##########..........#


You could see an ice statue, 5 ice devils, 2 ice beasts and 4 ufetubi.

Vanquished Creatures
  Gastronok (D:8)
  Harold (D:8)
  A hornet (D:8)
  4 yaks
  A vampire (D:8)
  2 steam dragons (D:6)
  A water moccasin (D:7)
  An ice beast (D:5)
  A sky beast (D:6)
  An orc warrior (D:8)
  4 wolves
  5 ogres
  A centaur (D:8)
  A kobold brigand (D:8)
  A phantom (D:5)
  3 bullfrogs
  A scorpion (D:6)
  7 wights
  4 killer bees (D:8)
  2 jellies
  2 orc priests (D:8)
  2 hounds
  2 gnoll shamans
  An iguana (D:7)
  7 orc wizards
  17 gnolls
  3 adders
  A shadow imp (D:6)
  A white imp (D:8)
  3 ufetubi (D:8)
  2 worms (D:2)
  2 dart slugs
  25 orcs
  6 endoplasms
  A giant cockroach (D:4)
  8 hobgoblins
  2 jackals (D:3)
  4 quokkas
  4 ball pythons
  5 bats
  A frilled lizard (D:3)
  7 goblins
  14 kobolds
  A rat (D:1)
164 creatures vanquished.

Vanquished Creatures (others)
  A demonic plant (D:1)
  2 plants (D:1)
3 creatures vanquished.

Grand Total: 167 creatures vanquished

Notes
Turn   | Place    | Note
-------+----------+-------------------------------------------
     0 | D:1      | Cyric the Gargoyle Gladiator began the quest for the Orb.
     0 | D:1      | Reached XP level 1. HP: 12/12 MP: 1/1
   385 | D:1      | Reached XP level 2. HP: 16/17 MP: 2/2
   387 | D:1      | Found a faded altar of an unknown god.
   387 | D:1      | Noticed an Executioner
   396 | D:1      | Prayed at the altar of an unknown god.
   396 | D:1      | Became a worshipper of Lugonu the Unformed
   396 | D:1      | Reached * piety under Lugonu
   396 | D:1      | Reached ** piety under Lugonu
  1272 | D:2      | Reached skill level 1 in Invocations
  1276 | D:2      | Reached XP level 3. HP: 21/21 MP: 3/3
  1305 | D:2      | Identified the +7 hunting sling of Famine {venom, rCorr}
  1786 | D:2      | Reached skill level 1 in Armour
  1971 | D:2      | Found Yhonut's Book Emporium.
  2779 | D:1      | HP: 1/21 [gnoll/+0 flail (8)]
  2854 | D:1      | HP: 1/21 [gnoll/+0 flail (6)]
  3342 | D:3      | Reached XP level 4. HP: 25/26 MP: 5/5
  3530 | D:2      | Reached skill level 2 in Invocations
  3969 | D:2      | Found Yhonut's Book Emporium.
  4675 | D:1      | Reached XP level 5. HP: 24/30 MP: 6/6
  5256 | D:3      | Reached *** piety under Lugonu
  5729 | D:4      | Reached skill level 3 in Invocations
  6188 | D:3      | Reached XP level 6. HP: 28/35 MP: 8/8
  6838 | D:4      | Found a glowing silver altar of Zin.
  7347 | D:4      | Found a runed translucent gate.
  7350 | D:4      | Found a runed translucent gate.
  7350 | D:4      | Found a runed translucent gate.
  7351 | D:4      | Noticed aedon's ghost (amateur MiFi)
  7407 | D:4      | Found a staircase to the Ecumenical Temple.
  7442 | D:4      | Reached skill level 4 in Invocations
  7468 | D:4      | Reached skill level 5 in Maces & Flails
  7468 | D:4      | Reached XP level 7. HP: 40/40 MP: 10/10
  7556 | D:5      | Entered Level 5 of the Dungeon
  7929 | D:5      | Reached skill level 5 in Invocations
  8015 | D:5      | Reached XP level 8. HP: 34/44 MP: 12/12
  8092 | D:5      | Reached **** piety under Lugonu
  8415 | D:6      | Reached skill level 6 in Invocations
  8484 | D:6      | Found a runed translucent gate.
  8484 | D:6      | Noticed Grim's ghost (novice DECj)
  8485 | D:6      | Found a runed translucent gate.
  8486 | D:6      | Found a runed translucent gate.
  8668 | D:6      | Reached skill level 1 in Shields
  9921 | D:7      | Noticed a yak
  9921 | D:7      | Noticed a yak
  9921 | D:7      | Noticed a yak
 10008 | D:7      | Reached skill level 7 in Invocations
 10013 | D:7      | Reached XP level 9. HP: 40/48 MP: 14/14
 10123 | D:7      | Reached skill level 5 in Armour
 10837 | D:7      | Reached skill level 8 in Invocations
 11616 | D:8      | Noticed an ice devil
 11616 | D:8      | Noticed an ice devil
 11616 | D:8      | Noticed an ice devil
 11616 | D:8      | Noticed an ice devil
 11617 | D:8      | Noticed an ice devil
 11617 | D:8      | Noticed an ice statue
 11734 | D:8      | Noticed Gastronok
 11799 | D:8      | Killed Gastronok
 11800 | D:8      | Reached skill level 9 in Invocations
 11800 | D:8      | Reached XP level 10. HP: 11/53 MP: 16/16
 12469 | D:8      | Reached skill level 5 in Shields
 13081 | D:8      | Noticed Harold
 13100 | D:8      | Killed Harold
 13101 | D:8      | Reached skill level 10 in Invocations
 13757 | D:8      | Mangled by an ice devil

Illustrated notes

Levels and vault maps discovered:
D:1:      lemuel_arrival_river_ford, layout_basic,
          dreamdust_ecumenical_altar_sealed_demon, minivault_14,
          serial_bayou_lagoon_b
D:2:      layout_basic, serial_shops, shop
D:3:      layout_basic
D:4:      layout_rooms, zin_treasury, minmay_temple_entry_grid,
          gammafunk_ghost_nasty_kobolds
D:5:      layout_rooms
D:6:      layout_basic, biasface_ghost_orc_armoury
D:7:      layout_loops_ring
D:8:      cheibrodos_frozen_isle, layout_gridville, uniq_grum, uniq_harold,
          uniq_gastronok

Skill      XL: |  1  2  3  4  5  6  7  8  9 10 |
---------------+-------------------------------+-----
Throwing       | 2 3 |  3.0
Invocations    | 1 2 3 4 5 7 9 10 | 10.0
Armour         | 1 2 3 4 6 7 |  7.0
Maces & Flails | 4 5 6 7 8 9 |  9.8
Shields        | 2 4 5 |  5.5
Fighting       | |  2.1
Dodging        | |  2.4

Action                   |  1- 3 |  4- 6 |  7- 9 | 10-12 || total
-------------------------+-------+-------+-------+-------++-------
Melee: Flail             |   113 |   213 |   153 |    17 ||   496
       Punch             |     3 |     3 |     1 |       ||     7
       Morningstar       |       |       |       |   107 ||   107
 Fire: Hunting sling     |       |    12 |    68 |    38 ||   118
Throw: Stone             |     7 |       |       |       ||     7
Invok: Bend Space        |       |     1 |     1 |       ||     2
Evoke: Wand              |       |       |     2 |       ||     2
  Use: Scroll            |       |     3 |     4 |     1 ||     8
       Potion            |       |       |       |     1 ||     1
 Stab: Paralysed         |       |       |     3 |       ||     3
Armor: Leather armour    |     7 |       |       |       ||     7
       Scale mail        |    40 |   112 |    41 |       ||   193
       Steam dragon scal |       |       |    75 |    90 ||   165
Dodge: Dodged            |    70 |   130 |    93 |    77 ||   370
Block: Kite shield       |       |       |    78 |    84 ||   162

Table legend: (Time is in decaauts)
 A = Elapsed time spent in this place.
 B = Non-inter-level travel time spent in this place.
 C = Inter-level travel time spent in this place.
 D = Time resting spent in this place.
 E = Time spent auto-exploring this place.
 F = Levels seen in this place.
 G = Mean time per level.
                   A        B        C        D        E       F      G
               +--------+--------+--------+--------+--------+-----+--------+
         Total |  14001 |  13252 |    749 |   4498 |   4850 |   8 | 1750.1 |
       Dungeon |  14001 |  13252 |    749 |   4498 |   4850 |   8 | 1750.1 |
               +--------+--------+--------+--------+--------+-----+--------+

Top non-repeatable levels by time:
     D:2: 2521 daAuts
     D:8: 2363 daAuts
     D:1: 2129 daAuts
     D:3: 1831 daAuts
     D:7: 1664 daAuts
     D:6: 1500 daAuts
     D:4: 1201 daAuts
     D:5: 789 daAuts
